AoeStats
← wansapana

QS Arena

503235682Analyzed
1v1 RM · 2mo ago on Aug 30, 2026· 46m 43s· 2 players
Game mode
Random Map
Map size
Tiny (2 player)
Population
200
Speed
Normal
Resources
Standard
Victory
Conquest
Starting age
Dark Age
Ending age
Imperial Age
RankedLock teamsTeams togetherTeam positionsShared explorationLock speedFull tech treeHidden civsTurbo modeCheats
Victory
Defeat
🇺🇸 Bohemians · United States
699
+17
vs
🇹🇷 Turks · Türkiye
711
-17
wansapana
8:29 Feudal Age
14:03 Castle Age
11:51 Loom
17:25 Fervor
18:21 Town Watch
20:56 Fletching
23:49 Wagenburg Tactics
25:16 Murder Holes
25:48 Double-Bit Axe
25:55 Horse Collar
28:55 Chemistry
30:49 Imperial Age
29:15 Padded Archer Armor
29:41 Ballistics
30:57 Heavy Plow
32:04 Conscription
32:02 Fortified Wall
32:39 Wheelbarrow
32:05 Town Patrol
32:20 Bow Saw
32:11 Bodkin Arrow
32:31 Leather Archer Armor
35:55 Houfnice
42:35 Bracer
46:23 Hand Cart
MUY
5:13 Loom
7:02 Feudal Age
7:38 Double-Bit Axe
7:45 Gold Mining
9:26 Horse Collar
16:16 Castle Age
20:43 Imperial Age
19:47 Gold Shaft Mining
19:26 Bow Saw
22:36 Padded Archer Armor
23:50 Leather Archer Armor
28:52 Wheelbarrow
28:39 Heavy Plow
28:36 Loom
30:15 Ring Archer Armor
31:59 Two-Man Saw
35:39 Ballistics
Connection lost

Rejoining the realm…

Still unreachable

The connection could not be restored.

Session expired

The server has moved on; the page needs a fresh start.